 Dungeon Crawl Stone Soup version 0.18-a0-117-g77bb7e1 (webtiles) character file.

104 Proton the Skirmisher (level 4, -5/42 HPs)
             Began as a Naga Fighter on Nov 18, 2015.
             Slain by a worm (7 damage)
             ... on level 3 of the Dungeon.
             The game lasted 00:03:38 (2378 turns).

Proton the Skirmisher (Naga Fighter)                Turns: 2378, Time: 00:03:38

Health: -5/42      AC:  5    Str: 19    XL:     4   Next: 80%
Magic:  4/4        EV:  5    Int:  8    God:
Gold:   156        SH:  9    Dex: 11    Spells: 0 memorised, 3 levels left

rFire  . . .     SeeInvis +     a - +0 long sword
rCold  . . .     Clarity  .     b - +0 scale mail
rNeg   . . .     SustAt   .     c - +0 shield
rPois  +         Gourm    .     (no helmet)
rElec  .         Spirit   .     (no cloak)
rCorr  .         Warding  .     (no gloves)
rMut   .         Stasis   .     (no barding)
MR     .....                    (no amulet)
Stlth  ..........               (no ring)
                                (no ring)

@: very slow, not resistant to hostile enchantments, extremely unstealthy
A: see invisible, deformed body, poison resistance, slowness 2, slow metabolism
1, spit poison 2, AC +1
a: Spit Poison


You were on level 3 of the Dungeon.
You were not hungry.

You visited 1 branch of the dungeon, and saw 3 of its levels.

You collected 156 gold pieces.

Inventory:

Hand Weapons
 a - a +0 long sword (weapon)
Missiles
 o - 4 javelins (quivered)
Armour
 b - a +0 scale mail (worn)
 c - a +0 shield (worn)
Scrolls
 g - 3 scrolls of amnesia {unknown}
 h - a scroll of remove curse {unknown}
 i - 2 scrolls of identify {unknown}
 l - a scroll of fear {unknown}
 m - a scroll of magic mapping {unknown}
 n - a scroll of random uselessness {unknown}
 p - a scroll of teleportation {unknown}
Potions
 d - a potion of might
 f - 2 potions of curing {unknown}
 j - a potion of haste {unknown}
 k - a potion of invisibility {unknown}
Comestibles
 e - a bread ration


   Skills:
 + Level 3.3 Fighting
 + Level 3.0 Long Blades
 + Level 3.0 Armour
 + Level 3.2 Shields


You had 3 spell levels left.
You didn't know any spells.

Dungeon Overview and Level Annotations

Branches:
Dungeon (3/15)

Altars:
Elyvilon

Annotations:
D:3 ReteAZ's ghost, amateur OpTm


Innate Abilities, Weirdness & Mutations

You cannot wear boots.
Your serpentine skin is tough (AC +1).
You have supernaturally acute eyesight.
Armour fits poorly on your strangely shaped body.
Your system is resistant to poisons.
You cover ground very slowly.
You have a slow metabolism.
You can spit poison.


Message History

You block the worm's attack.
Press: ? - help, Shift-Dir - straight line, f/p - worm
Aim: a worm The splash of poison hits the worm.
The worm is poisoned.
The worm is heavily wounded.
You feel slightly more hungry. The worm bites you!
You hit the worm.
The worm is severely wounded.
The worm bites you!
* * * LOW HITPOINT WARNING * * *
You hit the worm but do no damage.
The worm is severely wounded.
You have got your breath back.
The worm bites you!
* * * LOW HITPOINT WARNING * * *
You barely miss the worm.
The worm is severely wounded.
The worm looks more healthy.
The worm bites you!
You die...

#...# #...# #...#
########
#...###......#
#...'.'.$.._.#
###...###......#
#.....# #......# #
#...w## #......#.#
#...@# #####.....#
####.# #...†..####
#.# #......#
.#######.###......#
...........'......+
....##.####......#
.. #.# #......# #.#
#......# #.#
#......#


You could see a worm.

Vanquished Creatures
  Terence (D:2)
  A gnoll (D:1)
  2 adders
  An ooze (D:3)
  2 giant geckos
  An orc (D:3)
  4 hobgoblins
  2 jackals (D:3)
  2 kobolds (D:2)
  6 bats
  7 giant cockroaches
  3 giant newts (D:1)
  6 goblins
  4 rats
  2 fungi (D:2)
44 creatures vanquished.

Notes
Turn   | Place    | Note
--------------------------------------------------------------
     0 | D:1      | Proton the Naga Fighter began the quest for the Orb.
     0 | D:1      | Reached XP level 1. HP: 21/21 MP: 1/1
   340 | D:1      | Reached XP level 2. HP: 17/28 MP: 2/2
   834 | D:2      | Reached XP level 3. HP: 32/34 MP: 3/3
  1648 | D:2      | Noticed Terence
  1665 | D:2      | Killed Terence
  1665 | D:2      | Reached XP level 4. HP: 37/42 MP: 4/4
  2001 | D:3      | Noticed ReteAZ's ghost (amateur OpTm)
  2202 | D:3      | Found a white marble altar of Elyvilon.
  2377 | D:3      | HP: 2/42 [worm (7)]
  2378 | D:3      | Slain by a worm

Vault maps used:
D:1:      dpeg_arrival_tiny_f
D:2:      first_bread, serial_bayou_pond_a, minmay_gold_behind_fungi,
          uniq_terence
D:3:      fedhas_altar_3, overflow_temple_1_default, marbit_many_paths

Action                   |  1- 3 |  4- 6 || total
-------------------------+-------+-------++-------
Melee: Long sword        |   145 |    64 ||   209
 Abil: Spit Poison       |     6 |     7 ||    13
  Eat: Bread ration      |     1 |       ||     1
